 Dungeon Crawl Stone Soup version 0.17.0-22-g5edae84 (console) character file.

1801 Kloppie the Skirmisher (level 8, 0/68 HPs)
             Began as a Mummy Fighter on Nov 13, 2015.
             Was an Initiate of Gozag.
             Slain by a killer bee (2 damage)
             ... on level 6 of the Dungeon.
             The game lasted 00:12:02 (6530 turns).

Kloppie the Skirmisher (Mummy Fighter)              Turns: 6530, Time: 00:12:02

Health: 0/68       AC: 10    Str: 21    XL:     8   Next: 83%
Magic:  8/8        EV:  2    Int:  7    God:    Gozag
Gold:   799        SH: 11    Dex: 12    Spells: 0 memorised, 7 levels left

rFire  x . .     SeeInvis .     a - +1 trident
rCold  + + .     Clarity  .     b - +0 scale mail
rNeg   + + +     SustAt   .     u - +2 shield
rPois  ∞         Gourm    .     f - +0 helmet
rElec  .         Spirit   .     (no cloak)
rCorr  .         Warding  .     j - +0 pair of gloves
rMut   .         Stasis   .     n - +0 pair of boots
MR     +....                    (no amulet)
Stlth  ..........               p - ring of protection from cold
                                (no ring)

@: somewhat resistant to hostile enchantments, extremely unstealthy
A: no food or potions, fire vulnerability, cold resistance 1, negative energy
resistance 3, torment resistance, unbreathing
a: Potion Petition, Call Merchant, Bribe Branch, Renounce Religion


You were on level 6 of the Dungeon.
You worshipped Gozag.
Gozag was noncommittal.
You were not hungry.

You visited 1 branch of the dungeon, and saw 6 of its levels.

You collected 846 gold pieces.
You paid 47 gold pieces to Gozag.

Inventory:

Hand Weapons
 a - a +1 trident (weapon)
Armour
 b - a +0 scale mail (worn)
 f - a +0 helmet (worn)
 j - a +0 pair of gloves (worn)
 n - a +0 pair of boots (worn)
 u - a +2 shield (worn)
Jewellery
 e - an uncursed ring of teleportation
 k - an uncursed amulet of stasis
 p - a ring of protection from cold (right hand)
 t - an uncursed ring of ice
Wands
 c - a wand of teleportation (7)
 m - a wand of magic darts (8)
Scrolls
 d - a scroll of recharging
 g - a scroll of enchant armour
 h - a scroll of teleportation
 i - a scroll of immolation
 l - a scroll of remove curse
 q - a scroll of magic mapping
Books
 o - a book of Geomancy

   Spells                             Type                      Level
   a - Sandblast                      Earth                        1
   b - Stoneskin                      Transmutation/Earth          2
   c - Passwall                       Transmutation/Earth          3
   d - Stone Arrow                    Conjuration/Earth            3
   e - Petrify                        Transmutation/Earth          4
   f - Lee's Rapid Deconstruction     Earth                        5


   Skills:
 - Level 7.6 Fighting
 + Level 6.9 Polearms
 + Level 4.1 Armour
 - Level 2.4 Shields


You had 7 spell levels left.
You didn't know any spells.

Dungeon Overview and Level Annotations

Branches:
Dungeon (6/15)
 Temple: D:4-7

Altars:
Cheibriados
Dithmenos
Elyvilon
Fedhas
Gozag
Kikubaaqudgha
Yredelemnul


Innate Abilities, Weirdness & Mutations

You do not eat or drink.
Your flesh is vulnerable to fire.
You are immune to poison.
Your flesh is cold resistant.
You are immune to negative energy.
You are immune to unholy pain and torment.
You can survive without breathing.


Message History

As you read the scroll of teleportation, it crumbles to dust.
You feel strangely unstable.
The ogre hits you with a giant spiked club!
* * * LOW HITPOINT WARNING * * *
Your surroundings suddenly seem different.
An adder and a killer bee come into view.
The killer bee stings you.
* * * LOW HITPOINT WARNING * * *
You block the killer bee's attack. You block the killer bee's attack.
The killer bee stings you!
* * * LOW HITPOINT WARNING * * *
The killer bee stings you.
* * * LOW HITPOINT WARNING * * *
You block the killer bee's attack.
There is a stone staircase leading down here.
The adder bites you.
* * * LOW HITPOINT WARNING * * *
The killer bee stings you.
You die...
Your body crumbles into a pile of gold.

###### #....#
#....###############
#...................
#######@................
#.....Sy.....###########
#............# ######
#............# #.....
#............# #.....
#............## ##'''##
#............'# ##.....#
#............####.⌠.#.⌠.
#............# #.#.#.#.#


You could see a killer bee and an adder.

Vanquished Creatures
  A water moccasin (D:6)
  3 phantoms
  5 ogres
  A black bear (D:6)
  2 centaurs
  3 giant frogs (D:6)
  A scorpion (D:5)
  A jelly (D:6)
  A crimson imp (D:5)
  A vampire bat (D:6)
  A gnoll shaman (D:5)
  A hound (D:4)
  An orc priest (D:5)
  An orc wizard (D:5)
  A worker ant (D:6)
  A hound zombie (D:5)
  A mummy (D:4)
  A worker ant zombie (D:5)
  7 adders
  2 gnolls (D:5)
  A shadow imp (D:5)
  2 oozes
  6 worms
  3 giant geckos
  11 orcs
  6 bats
  2 bat skeletons (D:6)
  3 bat zombies (D:6)
  2 giant cockroaches
  12 hobgoblins
  15 jackals
  13 kobolds
  7 quokkas
  4 giant newts
  3 goblins
  3 rats
129 creatures vanquished.

Notes
Turn   | Place    | Note
--------------------------------------------------------------
     0 | D:1      | Kloppie the Mummy Fighter began the quest for the Orb.
     0 | D:1      | Reached XP level 1. HP: 18/18 MP: 1/1
   471 | D:1      | Reached XP level 2. HP: 24/24 MP: 2/2
  1138 | D:2      | Reached XP level 3. HP: 25/30 MP: 3/3
  1637 | D:2      | Reached XP level 4. HP: 35/37 MP: 4/4
  1646 | D:2      | Reached skill level 4 in Fighting
  2021 | D:3      | Found a shadowy altar of Dithmenos.
  2312 | D:3      | Found an opulent altar of Gozag.
  2318 | D:3      | Became a worshipper of Gozag Ym Sagoz the Greedy
  2510 | D:4      | Noticed a centaur
  2511 | D:4      | Found a blossoming altar of Fedhas.
  2518 | D:4      | Killed a centaur
  2518 | D:4      | Reached XP level 5. HP: 22/43 MP: 5/5
  2718 | D:4      | Reached skill level 5 in Fighting
  2801 | D:4      | Found a snail-covered altar of Cheibriados.
  3099 | D:4      | Noticed an ogre
  3121 | D:4      | Killed an ogre
  3121 | D:4      | Reached XP level 6. HP: 19/51 MP: 6/6
  3415 | D:5      | Entered Level 5 of the Dungeon
  3882 | D:5      | Found a white marble altar of Elyvilon.
  3961 | D:5      | Found a basalt altar of Yredelemnul.
  3991 | D:5      | Reached skill level 6 in Fighting
  4155 | D:5      | Reached XP level 7. HP: 47/58 MP: 7/7
  4706 | D:5      | Reached skill level 5 in Polearms
  5062 | D:5      | Reached skill level 7 in Fighting
  5606 | D:5      | Reached XP level 8. HP: 50/67 MP: 8/8
  6113 | D:6      | Found an ancient bone altar of Kikubaaqudgha.
  6528 | D:6      | HP: 3/68 [killer bee (3)]
  6530 | D:6      | Slain by a killer bee

Action                   |  1- 3 |  4- 6 |  7- 9 || total
-------------------------+-------+-------+-------++-------
Melee: Trident           |   159 |   235 |   284 ||   678
Invok: Potion Petition   |       |     1 |       ||     1
  Use: Scroll            |       |     6 |     6 ||    12
 Stab: Distracted        |       |       |     3 ||     3
